 Dungeon Crawl Stone Soup version 0.29.1-1-gd02db6906a (webtiles) character file.

Game seed: 7460471767956303899

1047 NullDivider the Covert (level 8, -1/46 HPs)
             Began as an Octopode Venom Mage on Sept 27, 2022.
             Killed by divine providence
             ... invoked by an orc priest
              (8 damage)
             ... on level 5 of the Dungeon.
             The game lasted 00:30:54 (5745 turns).

NullDivider the Covert (Octopode Venom Mage)        Turns: 5745, Time: 00:30:55

Health: -1/46      AC:  1    Str:  5    XL:     8   Next: 25%
Magic:  11/15      EV: 16    Int: 27    God:
Gold:   189        SH:  0    Dex: 16    Spells: 5/16 levels left

rFire   . . .      SeeInvis .   l - +4 dagger of Death's Door {drain, Str-2 Int+7 Dex+4}
rCold   . . .      Faith    .   (no shield)
rNeg    . . .      Spirit   .   (helmet restricted)
rPois   .          Reflect  .   (no amulet)
rElec   .          Harm     .   (no ring)
rCorr   .          Rampage  .   (no ring)
Will    .....                   (no ring)
Stlth   +++++.....              (no ring)
HPRegen 0.15/turn               (no ring)
MPRegen 0.14/turn               (no ring)
                                (no ring)
                                (no ring)

@: no status effects
A: almost no armour, amphibious, 8 rings, camouflage 1, gelatinous body 1,
(nimble swimmer 1), tentacles
a: no special abilities


You were on level 5 of the Dungeon.
You visited 1 branch of the dungeon, and saw 5 of its levels.

You collected 189 gold pieces.

Inventory:

Hand Weapons
 l - the +4 dagger of Death's Door (weapon) {drain, Str-2 Int+7 Dex+4}
   (You found it on level 2 of the Dungeon)

   A truly terrible weapon, it drains the life of any living foe it strikes.
   Str:       It affects your strength (-2).
   Int:       It affects your intelligence (+7).
   Dex:       It affects your dexterity (+4).
Scrolls
 b - 2 scrolls of summoning
 c - 3 scrolls of teleportation
 d - 3 scrolls of vulnerability
 h - 2 scrolls of fear
 j - a scroll of amnesia {unknown}
 o - 2 scrolls of enchant armour {unknown}
 r - 2 scrolls of immolation {unknown}
Potions
 a - a potion of magic
 e - a potion of brilliance {unknown}
 f - a potion of might {unknown}
 g - a potion of attraction {unknown}
 i - a potion of haste {unknown}
 k - a potion of flight {unknown}
 m - a potion of resistance {unknown}
 n - a potion of heal wounds {unknown}
 p - a potion of experience
 q - a potion of degeneration {unknown}


   Skills:
 + Level 4.3 Short Blades
 + Level 6.7 Dodging
 + Level 9.6 Stealth
 + Level 4.7 Spellcasting
 - Level 4.0 Conjurations
 - Level 3.9 Hexes
 - Level 1.3 Transmutations
 - Level 4.1 Air Magic
 - Level 6.7 Poison Magic


You had 5 spell levels left.
You knew the following spells:

 Your Spells              Type           Power      Damage    Failure   Level
a - Sting                 Tmut/Pois      100%       1d8       1%          1
b - Poisonous Vapours     Pois/Air       72%        N/A       1%          2
c - Mephitic Cloud        Conj/Pois/Air  33%        N/A       2%          3
d - Slow                  Hex            100%       N/A       1%          1
e - Olgreb's Toxic Radia  Pois           43%        N/A       4%          4

Your spell library contained the following spells:

 Spells                   Type           Power      Damage    Failure   Level
 Confusing Touch          Hex            27%        N/A       4%          3
 Vampiric Draining        Necr           6%         2d6       22%         3


Dungeon Overview and Level Annotations

Branches:
Dungeon (5/15)
 Temple: D:4-7

Altars:
Elyvilon
Vehumet

Portals:
Abyss: D:4

Annotations:
D:4 2 transporters, Exe's ghost, amateur DsBe


Innate Abilities, Weirdness & Mutations

You cannot wear most types of armour.
You are amphibious.
You can wear up to eight rings at the same time.
Your skin changes colour to match your surroundings (Stealth+).
Your rubbery body absorbs attacks. (AC +1, EV +1)
((You are camouflaged when in or above water. (Stealth+)))
You have tentacles for arms and can constrict up to eight enemies at once.


Message History

The phantom barely misses you.
You hit the phantom.
The phantom is almost destroyed.
You hit the phantom but do no damage. Your squeeze misses the phantom.
The phantom is almost destroyed.
The phantom closely misses you.
You hit the phantom.
You destroy the phantom!
You start resting.
Magic restored.
You start resting.
HP restored.
Found an escape hatch in the floor.
An orc priest comes into view. It is wielding a +0 club.
An orc comes into view.
It is wielding a +0 short sword of distortion.
An orc comes into view. It is wielding a +0 whip.
The orc priest shouts!
You hear a shout!
The orc priest mumbles some strange prayers to Beogh against you.
Beogh smites you!
An orc comes into view. It is wielding a +0 war axe.
The orc shouts!
Casting: Sting (safe; 1% risk of failure)
Confirm with . or Enter, or press ? or * to list all spells.
You begin to radiate toxic energy.
The orc is poisoned. x2
The orc priest is poisoned.
The orc is poisoned.
The orc looks even sicker.
You kill the orc!
The orc looks even sicker.
Your toxic aura wanes.
You kill the orc! x2
An orc comes into view. It is wielding a +0 club.
The orc priest invokes the aid of Beogh against you.
Beogh smites you!
The orc shouts!
The orc priest calls down the wrath of Beogh upon you.
Beogh smites you!
* * * LOW HITPOINT WARNING * * *
The orc priest invokes the aid of Beogh against you.
Beogh smites you!
You die...

#..#########...#
###..##...........
#.................
#.#####...........
#.# ########...#
#.# #...# #.#
#...# #.# ####...#
#@# #......# #o#
#.##...# #o#
#.##...# #)#
#.##...# .)#
#.##.#.# ###
##.##.#.#
########.......#
#......#........
#...............


You could see an orc priest (poisoned) and an orc.

Vanquished Creatures
  Grinder (D:4)
  A black bear (D:3)
  2 phantoms
  A bullfrog (D:4)
  A scorpion (D:4)
  A necrophage (D:4)
  2 orc wizards (D:3)
  2 adders (D:4)
  2 dart slugs
  6 orcs
  4 ball pythons
  7 bats
  11 endoplasms
  6 giant cockroaches
  8 goblins
  3 hobgoblins (D:4)
  4 jackals (D:4)
  A quokka (D:2)
  A frilled lizard (D:3)
  8 kobolds
  6 rats
78 creatures vanquished.

Notes
Turn   | Place    | Note
-------+----------+-------------------------------------------
     0 | D:1      | NullDivider the Octopode Venom Mage began the quest for the
                  | Orb.
     0 | D:1      | Reached XP level 1. HP: 11/11 MP: 3/3
   372 | D:1      | Reached XP level 2. HP: 17/17 MP: 0/5
   375 | D:1      | Learned a level 2 spell: Poisonous Vapours
   440 | D:1      | Reached skill level 3 in Stealth
  1228 | D:1      | You fall into a shaft and drop 1 floor!
  1288 | D:2      | Reached XP level 3. HP: 21/21 MP: 4/6
  1777 | D:1      | Learned a level 3 spell: Mephitic Cloud
  1969 | D:2      | Identified the +4 dagger of Death's Door {drain, Str-2
                  | Int+7 Dex+4}
  2477 | D:3      | Noticed a black bear
  2509 | D:3      | Killed a black bear
  2510 | D:3      | Reached skill level 1 in Air Magic
  2510 | D:3      | Reached XP level 4. HP: 12/27 MP: 1/7
  2510 | D:3      | Reached XP level 5. HP: 14/31 MP: 1/8
  2683 | D:3      | Learned a level 1 spell: Slow
  2729 | D:3      | Reached skill level 4 in Stealth
  2763 | D:3      | Noticed a phantom
  2910 | D:3      | Killed a phantom
  2911 | D:3      | Reached skill level 1 in Short Blades
  2911 | D:3      | Reached skill level 1 in Conjurations
  3310 | D:3      | Reached XP level 6. HP: 18/36 MP: 3/10
  3776 | D:3      | Found a radiant altar of Vehumet.
  4138 | D:4      | Found a transporter.
  4147 | D:4      | Noticed a small abomination
  4148 | D:4      | Found a one-way gate to the infinite horrors of the Abyss.
  4148 | D:4      | Noticed Exe's ghost (amateur DsBe)
  4300 | D:4      | Found a transporter.
  4350 | D:4      | Found a white marble altar of Elyvilon.
  4364 | D:4      | Noticed Grinder
  4366 | D:4      | Paralysed by Grinder for 3 turns
  4390 | D:4      | Reached skill level 9 in Stealth
  4390 | D:4      | Reached XP level 7. HP: 6/41 MP: 8/13
  4399 | D:5      | Entered Level 5 of the Dungeon
  4669 | D:4      | Killed Grinder
  4915 | D:4      | Learned a level 4 spell: Olgreb's Toxic Radiance
  5130 | D:4      | Reached XP level 8. HP: 46/46 MP: 13/15
  5745 | D:5      | Killed from afar by an orc priest

Illustrated notes

Levels and vault maps discovered:
D:1:      heliophobic_arrival_enchanted_forest, layout_loops_ring,
          minmay_crystal_room
D:2:      layout_loops_ring, kennysheep_pointless_box, minmay_misc_feat_tower,
          minmay_pentomino_s4
D:3:      layout_loops_cross, lemuel_tele_altar
D:4:      layout_basic, mainiacjoe_overflow_six_doors_small,
          gammafunk_ghost_abyssal_escape, uniq_grinder
D:5:      layout_loops_cross, hangedman_abyss_or_decor_lesser_grid

Skill      XL: |  1  2  3  4  5  6 |
---------------+-------------------+-----
Stealth        | 3 4 9 |  9.6
Poison Magic   | 4 6 |  6.7
Air Magic      | 1 4 |  4.1
Short Blades   | 1 4 |  4.3
Dodging        | 3 6 |  6.7
Conjurations   | 1 4 |  4.0
Spellcasting   | 4 |  4.7
Hexes          | 3 |  3.9
Transmutations | |  1.3

Action                   |  1- 3 |  4- 6 |  7- 9 || total
-------------------------+-------+-------+-------++-------
Melee: Unarmed           |     7 |       |       ||     7
       Punch             |     2 |     3 |     1 ||     6
       Dagger            |    10 |    60 |    50 ||   120
       Constrict         |     1 |    10 |     4 ||    15
       Tentacles         |       |     7 |     8 ||    15
 Cast: Sting             |    62 |    15 |     9 ||    86
       Poisonous Vapours |     3 |     7 |     1 ||    11
       Slow              |       |     1 |       ||     1
       Olgreb's Toxic Ra |       |       |     1 ||     1
  Use: Potion            |       |     1 |       ||     1
       Scroll            |       |       |     6 ||     6
 Stab: Sleeping          |     3 |     7 |     4 ||    14
Armor: Skin              |     1 |     3 |     1 ||     5
Dodge: Dodged            |    18 |    26 |    24 ||    68
